[ AOE2 MATCH · #458128608 ]
UnrankedTeutons vs Malians
[ REPLAY ANALYSIS · EXTRACTED FROM THE RECORDED GAME ]
Feudal
9:30
Castle
26:29
Imperial
—
| APM avg | 40.8 |
| APM peak | 83 |
| eAPM avg | 20.2 |
| Villagers / military | 176 / 17 |
Focus
⚔️ 13.9% · 🌾 86.1%
Teutonic Knight ×17
Feudal
9:47
Castle
13:58
Imperial
30:36
| APM avg | 28.1 |
| APM peak | 57 |
| eAPM avg | 19.5 |
| Villagers / military | 158 / 133 |
Focus
⚔️ 31.8% · 🌾 68.2%
Camel Scout ×124 · Knight ×3 · Spearman ×2 · Battering Ram ×2 · Gbeto ×1 · Scout Cavalry ×1
Feudal
11:10
Castle
14:51
Imperial
28:28
| APM avg | 53.8 |
| APM peak | 101 |
| eAPM avg | 35.2 |
| Villagers / military | 170 / 189 |
Focus
⚔️ 30.3% · 🌾 69.7%
Knight ×171 · Petard ×7 · Trebuchet (Packed) ×4 · Battering Ram ×3 · Monk ×2 · Scout Cavalry ×2
Feudal
9:17
Castle
21:35
Imperial
37:02
| APM avg | 49.1 |
| APM peak | 124 |
| eAPM avg | 23.8 |
| Villagers / military | 185 / 68 |
Focus
⚔️ 20.9% · 🌾 79.1%
Steppe Lancer ×62 · Battering Ram ×4 · Mangonel ×2
Feudal
10:36
Castle
14:15
Imperial
29:57
| APM avg | 33.9 |
| APM peak | 90 |
| eAPM avg | 19.0 |
| Villagers / military | 149 / 142 |
Focus
⚔️ 35.3% · 🌾 64.7%
Kona ×131 · Trebuchet (Packed) ×7 · Battering Ram ×3 · Monk ×1
Feudal
11:13
Castle
29:39
Imperial
—
| APM avg | 25.1 |
| APM peak | 44 |
| eAPM avg | 15.7 |
| Villagers / military | 121 / 33 |
Focus
⚔️ 28.7% · 🌾 71.3%
Spearman ×25 · Woad Raider ×5 · Scorpion ×2 · Mangonel ×1
Feudal
10:57
Castle
14:56
Imperial
—
| APM avg | 30.2 |
| APM peak | 74 |
| eAPM avg | 13.5 |
| Villagers / military | 98 / 38 |
Focus
⚔️ 25.9% · 🌾 74.1%
Conquistador ×34 · Petard ×3 · Mangonel ×1
Feudal
11:21
Castle
15:14
Imperial
35:20
| APM avg | 37.9 |
| APM peak | 71 |
| eAPM avg | 22.8 |
| Villagers / military | 134 / 110 |
Focus
⚔️ 26.9% · 🌾 73.1%
Spearman ×66 · Monaspa ×28 · Knight ×15 · Monk ×1
Match map
Initial resources + every placement click. Lines = walls · curves = elevation contours. ◆ gold · ⬟ stone · ● berries · ✦ relic · ◌ wall gap
Inputs per minute
— selaha_God - - Dusk_
Build order — selaha_God
First 150 of 350 actions detected
| 0:00 | Create | Villager (Male) |
| 0:02 | Build | House |
| 0:03 | Build | House |
| 0:11 | Create | Villager (Male) |
| 0:11 | Create | Villager (Male) |
| 0:25 | Create | Villager (Male) |
| 1:26 | Create | Villager (Male) |
| 1:55 | Create | Villager (Male) |
| 1:55 | Create | Villager (Male) |
| 2:10 | Build | Lumber Camp |
| 2:30 | Create | Villager (Male) |
| 2:38 | Build | House |
| 2:39 | Build | House |
| 2:42 | Create | Villager (Male) |
| 2:55 | Create | Villager (Male) |
| 2:55 | Create | Villager (Male) |
| 3:43 | Create | Villager (Male) |
| 3:43 | Create | Villager (Male) |
| 3:44 | Create | Villager (Male) |
| 4:18 | Create | Villager (Male) |
| 4:19 | Create | Villager (Male) |
| 4:36 | Create | Villager (Male) |
| 4:36 | Create | Villager (Male) |
| 4:43 | Build | Mill |
| 5:24 | Create | Villager (Male) |
| 5:27 | Create | Villager (Male) |
| 5:27 | Create | Villager (Male) |
| 5:38 | Create | Villager (Male) |
| 5:38 | Create | Villager (Male) |
| 7:13 | Build | Mining Camp |
| 7:20 | Research | Feudal Age |
| 7:20 | Research | Feudal Age |
| 8:17 | Build | House |
| 8:50 | Research | Loom |
| 8:50 | Create | Villager (Male) |
| 8:51 | Create | Villager (Male) |
| 9:30 | Age | Feudal Age |
| 9:32 | Build | Watch Tower |
| 9:35 | Build | Blacksmith |
| 10:22 | Create | Villager (Male) |
| 10:22 | Create | Villager (Male) |
| 10:30 | Research | Fletching |
| 11:03 | Build | Watch Tower |
| 11:34 | Build | House |
| 11:48 | Create | Villager (Male) |
| 11:48 | Create | Villager (Male) |
| 11:48 | Create | Villager (Male) |
| 11:48 | Create | Villager (Male) |
| 12:06 | Create | Villager (Male) |
| 12:16 | Build | Watch Tower |
| 12:58 | Create | Villager (Male) |
| 13:16 | Create | Villager (Male) |
| 13:17 | Create | Villager (Male) |
| 13:19 | Build | Farm |
| 13:20 | Build | Farm |
| 14:12 | Create | Villager (Male) |
| 14:12 | Create | Villager (Male) |
| 14:24 | Build | Watch Tower |
| 14:25 | Create | Villager (Male) |
| 15:02 | Create | Villager (Male) |
| 15:02 | Create | Villager (Male) |
| 15:03 | Create | Villager (Male) |
| 15:17 | Create | Villager (Male) |
| 16:18 | Create | Villager (Male) |
| 16:21 | Build | Lumber Camp |
| 16:36 | Build | House |
| 16:42 | Create | Villager (Male) |
| 16:46 | Research | Double-Bit Axe |
| 17:03 | Build | House |
| 17:10 | Build | Stone Wall |
| 17:19 | Create | Villager (Male) |
| 17:21 | Build | Farm |
| 17:22 | Build | Farm |
| 17:24 | Build | Farm |
| 17:25 | Build | Farm |
| 17:26 | Build | Farm |
| 17:27 | Build | Farm |
| 17:28 | Build | Farm |
| 17:30 | Build | Farm |
| 17:30 | Create | Villager (Male) |
| 17:36 | Create | Villager (Male) |
| 17:59 | Build | Building 490 |
| 18:03 | Build | House |
| 18:08 | Build | Palisade Wall |
| 18:17 | Build | Palisade Wall |
| 18:27 | Create | Villager (Male) |
| 18:29 | Build | Farm |
| 18:31 | Build | Farm |
| 18:31 | Create | Villager (Male) |
| 18:54 | Build | Palisade Wall |
| 18:56 | Create | Villager (Male) |
| 18:57 | Build | Farm |
| 18:58 | Create | Villager (Male) |
| 19:00 | Build | Mining Camp |
| 19:02 | Build | Farm |
| 19:12 | Build | House |
| 19:32 | Create | Villager (Male) |
| 19:34 | Build | Farm |
| 19:50 | Create | Villager (Male) |
| 19:52 | Build | Farm |
| 20:27 | Create | Villager (Male) |
| 20:42 | Build | Barracks |
| 21:21 | Create | Villager (Male) |
| 21:21 | Create | Villager (Male) |
| 21:38 | Create | Villager (Male) |
| 22:08 | Build | Farm |
| 22:09 | Build | Farm |
| 22:11 | Build | Farm |
| 22:17 | Build | Market |
| 22:20 | Build | Farm |
| 22:24 | Build | House |
| 22:25 | Build | House |
| 22:34 | Research | Wheelbarrow |
| 22:36 | Research | Horse Collar |
| 22:36 | Research | Horse Collar |
| 22:39 | Build | Farm |
| 22:41 | Build | Farm |
| 22:44 | Build | Farm |
| 22:47 | Build | Farm |
| 22:53 | Build | House |
| 23:08 | Build | Farm |
| 23:09 | Build | Farm |
| 23:26 | Build | House |
| 23:27 | Build | House |
| 23:28 | Build | House |
| 23:46 | Research | Castle Age |
| 23:46 | Research | Castle Age |
| 23:51 | Build | Lumber Camp |
| 24:38 | Build | House |
| 24:39 | Build | House |
| 24:46 | Build | Blacksmith |
| 25:12 | Research | Gold Mining |
| 25:13 | Research | Stone Mining |
| 25:13 | Research | Stone Mining |
| 25:24 | Build | Stone Wall |
| 25:52 | Build | Stone Wall |
| 25:59 | Build | Stone Wall |
| 26:29 | Age | Castle Age |
| 26:41 | Build | Castle |
| 26:53 | Create | Villager (Male) |
| 26:53 | Create | Villager (Male) |
| 26:54 | Create | Villager (Male) |
| 26:54 | Create | Villager (Male) |
| 26:55 | Create | Villager (Male) |
| 27:08 | Create | Villager (Male) |
| 27:09 | Create | Villager (Male) |
| 27:21 | Create | Teutonic Knight |
| 27:21 | Create | Teutonic Knight |
| 27:32 | Build | Building 487 |
| 27:38 | Create | Villager (Male) |
Build order — Dusk_
First 150 of 357 actions detected
| 0:02 | Create | Villager (Male) |
| 0:02 | Research | Loom |
| 0:03 | Build | House |
| 0:04 | Build | House |
| 0:05 | Create | Villager (Male) |
| 0:05 | Create | Villager (Male) |
| 0:05 | Create | Villager (Male) |
| 0:05 | Create | Villager (Male) |
| 1:19 | Create | Villager (Male) |
| 1:19 | Create | Villager (Male) |
| 1:59 | Create | Villager (Male) |
| 2:01 | Build | Lumber Camp |
| 2:07 | Create | Villager (Male) |
| 2:07 | Create | Villager (Male) |
| 2:40 | Create | Villager (Male) |
| 3:03 | Build | House |
| 3:07 | Create | Villager (Male) |
| 3:48 | Build | Mill |
| 3:52 | Create | Villager (Male) |
| 3:52 | Create | Villager (Male) |
| 4:37 | Create | Villager (Male) |
| 4:38 | Create | Villager (Male) |
| 5:17 | Create | Villager (Male) |
| 5:52 | Create | Villager (Male) |
| 6:01 | Build | Mining Camp |
| 6:04 | Build | House |
| 6:16 | Create | Villager (Male) |
| 6:32 | Create | Villager (Male) |
| 7:12 | Create | Villager (Male) |
| 7:36 | Research | Feudal Age |
| 9:10 | Build | House |
| 9:46 | Create | Villager (Male) |
| 9:47 | Age | Feudal Age |
| 10:14 | Build | Market |
| 10:16 | Build | Blacksmith |
| 10:19 | Create | Villager (Male) |
| 10:47 | Create | Villager (Male) |
| 11:18 | Research | Castle Age |
| 11:19 | Research | Castle Age |
| 11:49 | Create | Villager (Male) |
| 11:57 | Research | Double-Bit Axe |
| 12:11 | Build | Farm |
| 12:12 | Build | Farm |
| 12:13 | Build | Farm |
| 12:14 | Build | Farm |
| 12:39 | Research | Horse Collar |
| 12:56 | Create | Villager (Male) |
| 13:37 | Build | Farm |
| 13:51 | Create | Villager (Male) |
| 13:58 | Age | Castle Age |
| 14:00 | Build | Town Center |
| 14:01 | Create | Villager (Male) |
| 14:07 | Build | Farm |
| 14:12 | Build | Farm |
| 14:17 | Build | Farm |
| 14:19 | Build | Farm |
| 14:42 | Build | House |
| 14:53 | Create | Villager (Male) |
| 14:58 | Build | Siege Workshop |
| 15:13 | Create | Villager (Male) |
| 15:20 | Build | Farm |
| 15:22 | Build | Farm |
| 15:25 | Build | Farm |
| 15:26 | Create | Villager (Male) |
| 15:31 | Research | Loom |
| 15:36 | Create | Villager (Male) |
| 15:36 | Create | Villager (Male) |
| 15:53 | Create | Villager (Male) |
| 16:03 | Build | Farm |
| 16:04 | Create | Villager (Male) |
| 16:10 | Build | Barracks |
| 16:11 | Create | Villager (Male) |
| 16:11 | Create | Villager (Male) |
| 16:14 | Build | Farm |
| 16:35 | Create | Villager (Male) |
| 16:50 | Research | Bow Saw |
| 17:02 | Create | Battering Ram |
| 17:02 | Create | Villager (Male) |
| 17:11 | Build | Farm |
| 17:13 | Create | Villager (Male) |
| 17:30 | Create | Villager (Male) |
| 17:34 | Create | Villager (Male) |
| 17:37 | Build | Farm |
| 17:46 | Build | Stable |
| 17:49 | Build | House |
| 17:52 | Build | Farm |
| 17:54 | Create | Villager (Male) |
| 17:55 | Create | Villager (Male) |
| 18:19 | Create | Villager (Male) |
| 18:22 | Create | Spearman |
| 18:25 | Create | Battering Ram |
| 18:34 | Create | Villager (Male) |
| 18:34 | Create | Villager (Male) |
| 18:39 | Create | Knight |
| 18:48 | Build | House |
| 18:53 | Build | Town Center |
| 18:54 | Create | Villager (Male) |
| 18:57 | Build | House |
| 19:23 | Build | House |
| 19:23 | Create | Villager (Male) |
| 19:25 | Create | Villager (Male) |
| 19:26 | Create | Villager (Male) |
| 19:47 | Create | Villager (Male) |
| 19:50 | Build | Farm |
| 19:53 | Build | House |
| 19:59 | Create | Spearman |
| 20:01 | Build | House |
| 20:20 | Create | Villager (Male) |
| 20:20 | Create | Villager (Male) |
| 20:24 | Build | Farm |
| 20:25 | Create | Villager (Male) |
| 20:25 | Create | Villager (Male) |
| 20:25 | Create | Villager (Male) |
| 20:39 | Build | Town Center |
| 21:22 | Create | Villager (Male) |
| 21:23 | Create | Villager (Male) |
| 21:24 | Create | Villager (Male) |
| 21:28 | Build | Farm |
| 21:28 | Build | Farm |
| 21:29 | Build | Farm |
| 21:29 | Build | Farm |
| 21:29 | Build | Farm |
| 21:29 | Build | Farm |
| 21:29 | Build | Farm |
| 21:30 | Build | Farm |
| 21:31 | Create | Villager (Male) |
| 21:43 | Create | Villager (Male) |
| 21:47 | Build | House |
| 21:48 | Build | House |
| 21:50 | Research | Gold Mining |
| 21:51 | Create | Villager (Male) |
| 21:52 | Create | Villager (Male) |
| 21:52 | Create | Villager (Male) |
| 21:56 | Build | Farm |
| 22:06 | Create | Villager (Male) |
| 22:09 | Build | Farm |
| 22:11 | Build | Farm |
| 22:13 | Build | Farm |
| 22:18 | Research | Wheelbarrow |
| 22:19 | Create | Villager (Male) |
| 22:23 | Build | House |
| 22:24 | Build | House |
| 22:28 | Build | Farm |
| 22:29 | Build | Farm |
| 22:53 | Create | Villager (Male) |
| 22:54 | Create | Villager (Male) |
| 22:56 | Build | Farm |
| 23:00 | Build | House |
| 23:03 | Build | House |
| 23:03 | Build | House |
Build order — 帅能当饭吃
First 150 of 545 actions detected
| 0:05 | Create | Villager (Male) |
| 0:06 | Create | Villager (Male) |
| 0:06 | Create | Villager (Male) |
| 0:07 | Build | House |
| 0:09 | Build | House |
| 0:09 | Create | Villager (Male) |
| 0:12 | Create | Villager (Male) |
| 1:28 | Create | Villager (Male) |
| 1:55 | Build | Lumber Camp |
| 2:02 | Create | Villager (Male) |
| 2:28 | Create | Villager (Male) |
| 2:40 | Create | Villager (Male) |
| 3:17 | Create | Villager (Male) |
| 3:17 | Create | Villager (Male) |
| 3:30 | Build | House |
| 3:31 | Build | House |
| 3:42 | Create | Villager (Male) |
| 4:09 | Create | Villager (Male) |
| 4:12 | Build | House |
| 4:23 | Create | Villager (Male) |
| 4:46 | Build | Mill |
| 4:53 | Create | Villager (Male) |
| 4:53 | Create | Villager (Male) |
| 5:58 | Create | Villager (Male) |
| 6:00 | Create | Villager (Male) |
| 6:17 | Create | Villager (Male) |
| 6:22 | Build | Farm |
| 6:50 | Build | Farm |
| 7:21 | Build | Farm |
| 7:40 | Research | Feudal Age |
| 7:55 | Create | Villager (Male) |
| 7:55 | Create | Villager (Male) |
| 7:56 | Create | Villager (Male) |
| 7:56 | Create | Villager (Male) |
| 7:56 | Create | Villager (Male) |
| 8:52 | Research | Feudal Age |
| 8:57 | Build | Mining Camp |
| 9:36 | Build | Farm |
| 9:58 | Build | Farm |
| 10:46 | Create | Villager (Male) |
| 10:47 | Create | Villager (Male) |
| 11:10 | Age | Feudal Age |
| 11:34 | Build | Market |
| 11:36 | Create | Villager (Male) |
| 11:42 | Build | Farm |
| 11:50 | Build | Blacksmith |
| 11:52 | Build | House |
| 12:26 | Research | Castle Age |
| 12:43 | Research | Double-Bit Axe |
| 12:46 | Research | Horse Collar |
| 13:26 | Build | Farm |
| 14:24 | Create | Villager (Male) |
| 14:51 | Age | Castle Age |
| 14:53 | Build | Town Center |
| 14:56 | Build | Town Center |
| 15:05 | Create | Villager (Male) |
| 15:06 | Research | Bow Saw |
| 15:35 | Create | Villager (Male) |
| 15:40 | Build | Monastery |
| 15:52 | Create | Villager (Male) |
| 15:56 | Build | Farm |
| 16:18 | Create | Villager (Male) |
| 16:23 | Build | House |
| 16:30 | Create | Villager (Male) |
| 16:32 | Create | Villager (Male) |
| 16:39 | Create | Monk |
| 16:48 | Create | Villager (Male) |
| 16:49 | Create | Villager (Male) |
| 16:49 | Create | Villager (Male) |
| 16:57 | Create | Villager (Male) |
| 16:58 | Create | Villager (Male) |
| 16:59 | Create | Villager (Male) |
| 17:02 | Create | Villager (Male) |
| 17:04 | Build | House |
| 17:10 | Build | Farm |
| 17:11 | Build | Farm |
| 17:19 | Build | Farm |
| 17:21 | Build | Farm |
| 17:24 | Create | Villager (Male) |
| 17:25 | Create | Villager (Male) |
| 17:35 | Create | Villager (Male) |
| 17:41 | Build | Farm |
| 17:44 | Create | Villager (Male) |
| 17:45 | Create | Villager (Male) |
| 17:49 | Build | Farm |
| 17:51 | Build | House |
| 18:07 | Create | Villager (Male) |
| 18:09 | Create | Villager (Male) |
| 18:10 | Build | Farm |
| 18:14 | Build | Farm |
| 18:15 | Build | Farm |
| 18:16 | Build | Farm |
| 18:20 | Build | Farm |
| 18:23 | Build | Farm |
| 18:27 | Create | Villager (Male) |
| 18:33 | Create | Villager (Male) |
| 18:36 | Build | Farm |
| 18:40 | Build | House |
| 18:41 | Build | House |
| 18:42 | Build | House |
| 18:42 | Build | House |
| 18:42 | Build | House |
| 18:46 | Create | Villager (Male) |
| 18:47 | Create | Villager (Male) |
| 19:00 | Create | Villager (Male) |
| 19:02 | Build | Farm |
| 19:06 | Build | Farm |
| 19:10 | Create | Villager (Male) |
| 19:19 | Create | Villager (Male) |
| 19:20 | Create | Villager (Male) |
| 19:20 | Create | Villager (Male) |
| 19:25 | Build | Farm |
| 19:26 | Build | Farm |
| 19:29 | Create | Villager (Male) |
| 19:29 | Create | Villager (Male) |
| 19:37 | Build | Town Center |
| 19:49 | Research | Wheelbarrow |
| 19:49 | Research | Wheelbarrow |
| 19:52 | Create | Villager (Male) |
| 20:08 | Create | Villager (Male) |
| 20:10 | Create | Villager (Male) |
| 20:14 | Create | Villager (Male) |
| 20:29 | Build | House |
| 20:32 | Create | Villager (Male) |
| 20:34 | Create | Monk |
| 20:39 | Create | Villager (Male) |
| 20:40 | Create | Villager (Male) |
| 20:43 | Build | Farm |
| 20:50 | Build | House |
| 20:56 | Create | Villager (Male) |
| 20:57 | Create | Villager (Male) |
| 21:04 | Create | Villager (Male) |
| 21:07 | Build | Farm |
| 21:10 | Build | Farm |
| 21:10 | Build | Farm |
| 21:13 | Build | Farm |
| 21:15 | Create | Villager (Male) |
| 21:16 | Create | Villager (Male) |
| 21:17 | Create | Villager (Male) |
| 21:24 | Build | Town Center |
| 21:28 | Create | Villager (Male) |
| 21:31 | Create | Villager (Male) |
| 21:36 | Create | Villager (Male) |
| 21:38 | Create | Villager (Male) |
| 21:42 | Build | Lumber Camp |
| 21:47 | Build | Mill |
| 21:48 | Build | Farm |
| 21:48 | Build | Farm |
| 21:48 | Build | Farm |
| 21:49 | Build | Farm |
Build order — OM | Romeo sins
First 150 of 429 actions detected
| 0:01 | Create | Villager (Male) |
| 0:02 | Create | Villager (Male) |
| 0:02 | Create | Villager (Male) |
| 0:02 | Create | Villager (Male) |
| 0:02 | Create | Villager (Male) |
| 0:02 | Create | Villager (Male) |
| 0:03 | Build | House |
| 0:05 | Build | House |
| 1:26 | Create | Villager (Male) |
| 1:27 | Create | Villager (Male) |
| 1:47 | Build | Lumber Camp |
| 1:55 | Create | Villager (Male) |
| 1:55 | Create | Villager (Male) |
| 1:56 | Create | Villager (Male) |
| 2:13 | Create | Villager (Male) |
| 2:14 | Create | Villager (Male) |
| 2:23 | Create | Villager (Male) |
| 2:24 | Create | Villager (Male) |
| 2:24 | Create | Villager (Male) |
| 2:49 | Create | Villager (Male) |
| 2:50 | Create | Villager (Male) |
| 3:29 | Create | Villager (Male) |
| 3:29 | Create | Villager (Male) |
| 3:29 | Create | Villager (Male) |
| 4:03 | Build | House |
| 4:05 | Research | Loom |
| 4:06 | Create | Villager (Male) |
| 4:06 | Create | Villager (Male) |
| 4:43 | Create | Villager (Male) |
| 4:43 | Create | Villager (Male) |
| 4:43 | Create | Villager (Male) |
| 4:54 | Create | Villager (Male) |
| 4:55 | Create | Villager (Male) |
| 4:55 | Create | Villager (Male) |
| 4:55 | Create | Villager (Male) |
| 5:07 | Build | Mill |
| 6:44 | Research | Feudal Age |
| 8:20 | Create | Villager (Male) |
| 8:22 | Create | Villager (Male) |
| 9:15 | Build | House |
| 9:17 | Age | Feudal Age |
| 9:20 | Build | Town Center |
| 9:26 | Research | Wheelbarrow |
| 9:27 | Create | Villager (Male) |
| 9:29 | Research | Double-Bit Axe |
| 9:30 | Research | Horse Collar |
| 9:41 | Build | House |
| 10:11 | Build | House |
| 10:28 | Build | House |
| 10:45 | Create | Villager (Male) |
| 10:58 | Create | Villager (Male) |
| 10:58 | Create | Villager (Male) |
| 11:03 | Build | Farm |
| 11:06 | Build | Farm |
| 11:10 | Create | Villager (Male) |
| 11:35 | Create | Villager (Male) |
| 11:35 | Create | Villager (Male) |
| 11:39 | Build | Farm |
| 11:48 | Build | Farm |
| 11:52 | Create | Villager (Male) |
| 12:02 | Create | Villager (Male) |
| 12:06 | Build | Farm |
| 12:10 | Build | Farm |
| 12:13 | Create | Villager (Male) |
| 12:21 | Build | Farm |
| 12:38 | Create | Villager (Male) |
| 12:38 | Create | Villager (Male) |
| 12:38 | Create | Villager (Male) |
| 12:40 | Build | Farm |
| 12:55 | Create | Villager (Male) |
| 12:55 | Create | Villager (Male) |
| 13:00 | Build | Farm |
| 13:03 | Build | Farm |
| 13:04 | Create | Villager (Male) |
| 13:05 | Create | Villager (Male) |
| 13:05 | Create | Villager (Male) |
| 13:06 | Create | Villager (Male) |
| 13:22 | Build | Mining Camp |
| 13:25 | Create | Villager (Male) |
| 13:31 | Create | Villager (Male) |
| 13:40 | Create | Villager (Male) |
| 13:54 | Build | Blacksmith |
| 13:57 | Create | Villager (Male) |
| 14:04 | Create | Villager (Male) |
| 14:22 | Create | Villager (Male) |
| 14:25 | Build | Market |
| 14:32 | Create | Villager (Male) |
| 14:36 | Build | House |
| 14:38 | Build | House |
| 14:44 | Create | Villager (Male) |
| 14:54 | Create | Villager (Male) |
| 15:13 | Create | Villager (Male) |
| 15:20 | Build | Farm |
| 15:22 | Create | Villager (Male) |
| 15:28 | Build | House |
| 15:38 | Create | Villager (Male) |
| 15:46 | Build | Barracks |
| 15:49 | Create | Villager (Male) |
| 16:03 | Build | House |
| 16:11 | Create | Villager (Male) |
| 16:11 | Create | Villager (Male) |
| 16:19 | Build | House |
| 16:22 | Build | Palisade Wall |
| 16:27 | Build | Archery Range |
| 16:29 | Create | Villager (Male) |
| 16:36 | Create | Villager (Male) |
| 16:43 | Build | Stable |
| 16:51 | Create | Villager (Male) |
| 16:56 | Build | Stable |
| 16:58 | Create | Villager (Male) |
| 17:02 | Build | Farm |
| 17:02 | Build | Farm |
| 17:02 | Build | Farm |
| 17:03 | Build | Farm |
| 17:15 | Create | Villager (Male) |
| 17:19 | Build | Farm |
| 17:22 | Build | Farm |
| 17:26 | Build | Farm |
| 17:27 | Create | Villager (Male) |
| 17:44 | Build | Siege Workshop |
| 17:54 | Build | Palisade Gate |
| 18:05 | Create | Villager (Male) |
| 18:05 | Create | Villager (Male) |
| 18:08 | Build | Farm |
| 18:09 | Build | Farm |
| 18:13 | Create | Villager (Male) |
| 18:16 | Create | Villager (Male) |
| 18:29 | Build | House |
| 18:31 | Build | House |
| 18:34 | Build | Palisade Gate |
| 18:36 | Build | House |
| 18:48 | Research | Castle Age |
| 18:54 | Create | Battering Ram |
| 19:05 | Create | Villager (Male) |
| 19:13 | Create | Battering Ram |
| 19:20 | Research | Gold Mining |
| 19:21 | Research | Gold Mining |
| 19:24 | Create | Villager (Male) |
| 19:24 | Create | Villager (Male) |
| 19:30 | Build | Farm |
| 19:32 | Build | Farm |
| 19:32 | Build | Farm |
| 19:56 | Research | Forging |
| 19:56 | Research | Forging |
| 19:59 | Create | Battering Ram |
| 20:02 | Create | Villager (Male) |
| 20:03 | Create | Villager (Male) |
| 20:28 | Build | Farm |
| 20:32 | Build | Farm |
| 20:34 | Build | Farm |
Build order — 雀巢阿帆
First 150 of 430 actions detected
| 0:00 | Create | Villager (Male) |
| 0:01 | Create | Villager (Male) |
| 0:03 | Build | House |
| 0:04 | Build | House |
| 0:26 | Create | Villager (Male) |
| 0:27 | Create | Villager (Male) |
| 0:27 | Create | Villager (Male) |
| 1:24 | Create | Villager (Male) |
| 1:47 | Build | Settlement |
| 2:02 | Create | Villager (Male) |
| 2:15 | Create | Villager (Male) |
| 2:47 | Create | Villager (Male) |
| 3:07 | Create | Villager (Male) |
| 3:25 | Build | House |
| 3:26 | Build | House |
| 3:27 | Build | House |
| 3:44 | Create | Villager (Male) |
| 3:44 | Create | Villager (Male) |
| 4:16 | Create | Villager (Male) |
| 4:20 | Create | Villager (Male) |
| 4:21 | Create | Villager (Male) |
| 5:02 | Create | Villager (Male) |
| 5:02 | Create | Villager (Male) |
| 5:20 | Create | Villager (Male) |
| 5:53 | Create | Villager (Male) |
| 6:02 | Create | Villager (Male) |
| 6:30 | Build | Settlement |
| 7:09 | Create | Villager (Male) |
| 7:32 | Create | Villager (Male) |
| 7:54 | Create | Villager (Male) |
| 8:19 | Research | Feudal Age |
| 9:17 | Build | Farm |
| 9:22 | Build | Farm |
| 9:32 | Create | Villager (Male) |
| 9:32 | Create | Villager (Male) |
| 10:36 | Age | Feudal Age |
| 10:38 | Build | Market |
| 10:43 | Build | Blacksmith |
| 11:35 | Research | Castle Age |
| 11:35 | Research | Castle Age |
| 11:44 | Build | Farm |
| 12:20 | Research | Double-Bit Axe |
| 12:44 | Research | Horse Collar |
| 12:47 | Build | Farm |
| 12:53 | Build | Farm |
| 13:23 | Create | Villager (Male) |
| 13:23 | Create | Villager (Male) |
| 14:15 | Age | Castle Age |
| 14:16 | Build | Town Center |
| 14:23 | Build | Town Center |
| 14:33 | Create | Villager (Male) |
| 14:35 | Build | Farm |
| 14:38 | Research | Heavy Plow |
| 14:40 | Research | Bow Saw |
| 14:42 | Create | Villager (Male) |
| 14:53 | Build | Farm |
| 14:57 | Create | Villager (Male) |
| 15:15 | Build | Farm |
| 15:22 | Create | Villager (Male) |
| 15:30 | Create | Villager (Male) |
| 15:36 | Create | Villager (Male) |
| 15:41 | Create | Villager (Male) |
| 15:50 | Build | Farm |
| 15:52 | Create | Villager (Male) |
| 15:59 | Build | Monastery |
| 16:10 | Build | Farm |
| 16:12 | Create | Villager (Male) |
| 16:19 | Build | Farm |
| 16:23 | Create | Villager (Male) |
| 16:30 | Build | Farm |
| 16:36 | Build | Farm |
| 16:40 | Create | Villager (Male) |
| 16:54 | Create | Monk |
| 16:57 | Create | Villager (Male) |
| 17:01 | Build | Farm |
| 17:07 | Create | Villager (Male) |
| 17:12 | Build | Farm |
| 17:20 | Create | Villager (Male) |
| 17:21 | Create | Villager (Male) |
| 17:27 | Build | Farm |
| 17:30 | Create | Villager (Male) |
| 17:30 | Create | Villager (Male) |
| 17:35 | Build | Farm |
| 17:39 | Build | Farm |
| 17:46 | Create | Villager (Male) |
| 17:54 | Create | Villager (Male) |
| 17:55 | Create | Villager (Male) |
| 18:05 | Build | House |
| 18:09 | Create | Villager (Male) |
| 18:11 | Build | Farm |
| 18:12 | Create | Villager (Male) |
| 18:23 | Create | Villager (Male) |
| 18:30 | Build | House |
| 18:31 | Build | House |
| 18:32 | Build | House |
| 18:34 | Create | Villager (Male) |
| 18:34 | Create | Villager (Male) |
| 18:38 | Build | Farm |
| 18:45 | Build | Town Center |
| 18:46 | Create | Villager (Male) |
| 18:54 | Build | Farm |
| 18:55 | Create | Villager (Male) |
| 18:57 | Create | Villager (Male) |
| 19:11 | Build | Farm |
| 19:12 | Create | Villager (Male) |
| 19:13 | Create | Villager (Male) |
| 19:14 | Create | Villager (Male) |
| 19:30 | Create | Villager (Male) |
| 19:36 | Build | Farm |
| 19:42 | Create | Villager (Male) |
| 19:42 | Create | Villager (Male) |
| 19:43 | Create | Villager (Male) |
| 19:49 | Create | Villager (Male) |
| 19:50 | Create | Villager (Male) |
| 19:50 | Create | Villager (Male) |
| 19:50 | Create | Villager (Male) |
| 19:50 | Create | Villager (Male) |
| 19:51 | Create | Villager (Male) |
| 19:52 | Build | Farm |
| 19:57 | Build | Farm |
| 19:58 | Create | Villager (Male) |
| 20:00 | Build | Farm |
| 20:01 | Create | Villager (Male) |
| 20:07 | Build | House |
| 20:23 | Create | Villager (Male) |
| 20:26 | Create | Villager (Male) |
| 20:29 | Create | Villager (Male) |
| 20:32 | Create | Villager (Male) |
| 20:32 | Create | Villager (Male) |
| 20:35 | Build | Farm |
| 20:37 | Build | Farm |
| 20:40 | Build | Farm |
| 20:45 | Build | Farm |
| 20:46 | Create | Villager (Male) |
| 20:49 | Build | House |
| 20:50 | Build | House |
| 20:51 | Create | Villager (Male) |
| 20:57 | Create | Villager (Male) |
| 21:06 | Create | Villager (Male) |
| 21:10 | Build | Farm |
| 21:12 | Create | Villager (Male) |
| 21:18 | Build | Farm |
| 21:19 | Create | Villager (Male) |
| 21:21 | Create | Villager (Male) |
| 21:26 | Build | House |
| 21:28 | Create | Villager (Male) |
| 21:39 | Create | Villager (Male) |
| 21:47 | Create | Villager (Male) |
| 21:57 | Create | Villager (Male) |
| 22:01 | Build | Farm |
Build order — Elite Ketoprak
First 150 of 264 actions detected
| 0:04 | Create | Villager (Male) ×4 |
| 0:05 | Build | House |
| 0:07 | Build | House |
| 1:37 | Create | Villager (Male) |
| 2:05 | Create | Villager (Male) |
| 2:06 | Create | Villager (Male) |
| 2:18 | Build | Lumber Camp |
| 2:25 | Build | Lumber Camp |
| 2:34 | Create | Villager (Male) |
| 2:34 | Create | Villager (Male) |
| 2:57 | Create | Villager (Male) |
| 2:57 | Create | Villager (Male) |
| 3:19 | Create | Villager (Male) |
| 3:19 | Create | Villager (Male) |
| 3:50 | Create | Villager (Male) |
| 3:53 | Create | Villager (Male) |
| 4:19 | Create | Villager (Male) |
| 4:34 | Build | House |
| 4:53 | Create | Villager (Male) |
| 4:53 | Create | Villager (Male) |
| 4:53 | Create | Villager (Male) |
| 5:24 | Create | Villager (Male) |
| 5:28 | Create | Villager (Male) |
| 5:28 | Create | Villager (Male) |
| 5:29 | Create | Villager (Male) |
| 5:46 | Create | Villager (Male) |
| 5:46 | Create | Villager (Male) |
| 5:52 | Build | House |
| 6:09 | Create | Villager (Male) |
| 6:09 | Create | Villager (Male) |
| 6:38 | Build | Mill |
| 6:45 | Build | House |
| 7:24 | Create | Villager (Male) |
| 8:32 | Build | Mining Camp |
| 8:35 | Create | Villager (Male) |
| 8:50 | Research | Feudal Age |
| 9:06 | Build | Farm |
| 9:13 | Research | Loom |
| 9:50 | Build | House |
| 10:02 | Build | Farm |
| 10:07 | Build | Farm |
| 10:56 | Build | Mining Camp |
| 11:13 | Age | Feudal Age |
| 11:18 | Build | Watch Tower |
| 11:38 | Create | Villager (Male) |
| 12:11 | Build | Watch Tower |
| 12:13 | Create | Villager (Male) |
| 12:13 | Create | Villager (Male) |
| 12:26 | Create | Villager (Male) |
| 12:43 | Create | Villager (Male) |
| 12:57 | Create | Villager (Male) |
| 12:58 | Create | Villager (Male) |
| 12:58 | Create | Villager (Male) |
| 12:58 | Create | Villager (Male) |
| 13:37 | Build | Watch Tower |
| 13:38 | Create | Villager (Male) |
| 13:38 | Create | Villager (Male) |
| 13:54 | Build | Blacksmith |
| 13:58 | Create | Villager (Male) |
| 13:58 | Create | Villager (Male) |
| 14:14 | Build | House |
| 14:22 | Build | Watch Tower |
| 14:27 | Create | Villager (Male) |
| 14:27 | Create | Villager (Male) |
| 15:02 | Create | Villager (Male) |
| 15:02 | Create | Villager (Male) |
| 15:27 | Research | Fletching |
| 15:28 | Create | Villager (Male) |
| 15:29 | Create | Villager (Male) |
| 15:59 | Build | Watch Tower |
| 16:17 | Create | Villager (Male) |
| 16:52 | Build | Farm |
| 18:16 | Build | Watch Tower |
| 18:51 | Build | Farm |
| 18:52 | Build | Farm |
| 18:53 | Build | Farm |
| 18:54 | Build | Farm |
| 19:40 | Create | Villager (Male) |
| 19:40 | Create | Villager (Male) |
| 19:55 | Build | House |
| 20:06 | Build | House |
| 20:13 | Create | Villager (Male) |
| 20:13 | Create | Villager (Male) |
| 20:22 | Build | Farm |
| 20:46 | Build | Farm |
| 20:57 | Build | Farm |
| 21:01 | Build | Farm |
| 21:05 | Build | Farm |
| 21:06 | Build | Farm |
| 21:07 | Build | Farm |
| 21:12 | Create | Villager (Male) |
| 21:12 | Create | Villager (Male) |
| 21:34 | Build | Farm |
| 21:38 | Build | Farm |
| 21:40 | Build | Farm |
| 21:46 | Create | Villager (Male) |
| 21:46 | Create | Villager (Male) |
| 21:55 | Build | Farm |
| 22:00 | Build | Farm |
| 22:01 | Build | Farm |
| 22:23 | Research | Double-Bit Axe |
| 22:28 | Create | Villager (Male) |
| 22:54 | Build | Farm |
| 22:57 | Create | Villager (Male) |
| 23:17 | Build | House |
| 23:18 | Build | House |
| 23:36 | Build | Stone Wall |
| 23:40 | Build | Stone Wall |
| 23:42 | Create | Villager (Male) |
| 23:49 | Create | Villager (Male) |
| 24:14 | Create | Villager (Male) |
| 24:31 | Create | Villager (Male) |
| 24:37 | Research | Horse Collar |
| 24:55 | Build | House |
| 25:13 | Create | Villager (Male) |
| 25:36 | Build | House |
| 25:54 | Create | Villager (Male) |
| 26:03 | Build | Market |
| 26:07 | Build | House |
| 26:08 | Build | House |
| 26:26 | Create | Villager (Male) |
| 26:59 | Research | Castle Age |
| 27:03 | Build | Barracks |
| 27:31 | Research | Wheelbarrow |
| 27:46 | Research | Scale Mail Armor |
| 28:26 | Create | Spearman |
| 29:39 | Age | Castle Age |
| 29:41 | Create | Villager (Male) |
| 29:42 | Create | Villager (Male) |
| 29:47 | Build | Siege Workshop |
| 29:56 | Build | Castle |
| 30:04 | Build | Town Center |
| 30:07 | Create | Villager (Male) |
| 30:07 | Create | Villager (Male) |
| 30:13 | Build | Town Center |
| 30:30 | Create | Villager (Male) |
| 30:31 | Create | Mangonel |
| 30:40 | Create | Villager (Male) |
| 30:47 | Research | Bodkin Arrow |
| 30:52 | Create | Villager (Male) |
| 30:53 | Create | Villager (Male) |
| 30:55 | Build | Lumber Camp |
| 31:02 | Create | Villager (Male) |
| 31:02 | Create | Villager (Male) |
| 31:34 | Create | Scorpion |
| 31:34 | Create | Scorpion |
| 31:37 | Create | Villager (Male) |
| 31:37 | Create | Villager (Male) |
| 31:52 | Create | Villager (Male) |
| 31:53 | Create | Villager (Male) |
Build order — 弃世与你
First 150 of 216 actions detected
| 0:01 | Create | Villager (Male) |
| 0:01 | Create | Villager (Male) |
| 0:01 | Create | Villager (Male) |
| 0:02 | Build | House |
| 0:04 | Build | House |
| 0:41 | Create | Villager (Male) |
| 0:42 | Create | Villager (Male) |
| 1:30 | Create | Villager (Male) |
| 1:30 | Create | Villager (Male) |
| 1:48 | Build | Lumber Camp |
| 2:15 | Create | Villager (Male) |
| 2:15 | Create | Villager (Male) |
| 2:29 | Create | Villager (Male) |
| 2:29 | Create | Villager (Male) |
| 3:23 | Create | Villager (Male) |
| 3:23 | Create | Villager (Male) |
| 3:36 | Create | Villager (Male) |
| 3:59 | Create | Villager (Male) |
| 3:59 | Create | Villager (Male) |
| 4:07 | Build | House |
| 4:08 | Build | House |
| 4:40 | Create | Villager (Male) |
| 4:41 | Create | Villager (Male) |
| 4:41 | Create | Villager (Male) |
| 4:41 | Create | Villager (Male) |
| 5:07 | Build | Mill |
| 5:22 | Create | Villager (Male) |
| 5:22 | Create | Villager (Male) |
| 5:41 | Create | Villager (Male) |
| 6:05 | Create | Villager (Male) |
| 7:10 | Build | Mining Camp |
| 7:32 | Create | Villager (Male) |
| 7:33 | Create | Villager (Male) |
| 7:33 | Create | Villager (Male) |
| 7:54 | Build | Farm |
| 8:00 | Build | Farm |
| 8:08 | Build | Mining Camp |
| 8:26 | Research | Feudal Age |
| 10:02 | Build | House |
| 10:57 | Age | Feudal Age |
| 11:01 | Build | Market |
| 11:01 | Create | Villager (Male) |
| 11:01 | Create | Villager (Male) |
| 11:40 | Build | Blacksmith |
| 11:51 | Research | Loom |
| 12:08 | Research | Castle Age |
| 12:57 | Research | Double-Bit Axe |
| 13:26 | Research | Horse Collar |
| 13:32 | Build | Farm |
| 13:34 | Build | Farm |
| 13:36 | Build | Farm |
| 13:51 | Build | Farm |
| 14:00 | Build | Farm |
| 14:47 | Research | Wheelbarrow |
| 14:56 | Age | Castle Age |
| 15:01 | Build | Castle |
| 15:28 | Create | Villager (Male) |
| 15:28 | Create | Villager (Male) |
| 15:32 | Build | Farm |
| 15:54 | Build | Mining Camp |
| 16:03 | Create | Conquistador |
| 16:05 | Create | Conquistador |
| 16:36 | Create | Conquistador |
| 17:21 | Create | Conquistador |
| 17:22 | Create | Villager (Male) |
| 17:33 | Create | Villager (Male) |
| 17:36 | Build | Farm |
| 18:08 | Create | Conquistador |
| 18:09 | Create | Villager (Male) |
| 18:30 | Build | Farm |
| 18:35 | Create | Villager (Male) |
| 19:04 | Create | Conquistador |
| 19:06 | Create | Petard |
| 19:06 | Create | Petard |
| 19:24 | Create | Petard |
| 19:34 | Build | Farm |
| 19:35 | Build | Farm |
| 19:37 | Build | Farm |
| 19:39 | Build | Farm |
| 19:40 | Create | Villager (Male) |
| 20:01 | Create | Villager (Male) |
| 20:13 | Build | Farm |
| 21:00 | Create | Conquistador |
| 21:01 | Create | Conquistador |
| 21:01 | Create | Villager (Male) |
| 21:02 | Create | Villager (Male) |
| 21:12 | Research | Padded Archer Armor |
| 21:46 | Create | Conquistador |
| 22:06 | Create | Villager (Male) |
| 22:06 | Create | Villager (Male) |
| 22:50 | Create | Conquistador |
| 22:51 | Create | Conquistador |
| 23:07 | Build | Castle |
| 23:14 | Create | Conquistador |
| 23:14 | Create | Conquistador |
| 23:44 | Create | Villager (Male) |
| 23:45 | Create | Villager (Male) |
| 23:45 | Create | Villager (Male) |
| 23:52 | Build | Palisade Wall |
| 24:08 | Create | Conquistador |
| 24:09 | Create | Conquistador |
| 24:25 | Create | Conquistador |
| 25:04 | Create | Conquistador |
| 25:40 | Create | Conquistador |
| 25:43 | Create | Villager (Male) |
| 25:43 | Create | Villager (Male) |
| 25:50 | Build | Farm |
| 25:51 | Build | Farm |
| 25:52 | Build | Farm |
| 25:53 | Build | Farm |
| 25:54 | Build | Farm |
| 26:08 | Build | Siege Workshop |
| 26:15 | Create | Conquistador |
| 26:36 | Create | Villager (Male) |
| 26:57 | Create | Villager (Male) |
| 27:13 | Build | Building 490 |
| 27:50 | Create | Mangonel |
| 29:30 | Create | Conquistador |
| 29:30 | Create | Conquistador |
| 30:06 | Create | Villager (Male) |
| 30:07 | Create | Villager (Male) |
| 30:16 | Create | Conquistador |
| 30:20 | Build | Farm |
| 30:22 | Build | Farm |
| 30:29 | Create | Villager (Male) |
| 31:00 | Create | Villager (Male) |
| 31:20 | Create | Villager (Male) |
| 31:34 | Create | Villager (Male) |
| 31:43 | Build | Town Center |
| 31:55 | Create | Conquistador |
| 31:55 | Create | Conquistador |
| 33:04 | Create | Villager (Male) |
| 33:04 | Create | Villager (Male) |
| 33:04 | Create | Villager (Male) |
| 33:06 | Create | Villager (Male) |
| 33:06 | Create | Villager (Male) |
| 33:07 | Create | Villager (Male) |
| 33:07 | Create | Villager (Male) |
| 33:07 | Create | Villager (Male) |
| 33:12 | Build | Farm |
| 33:34 | Create | Villager (Male) |
| 33:34 | Create | Villager (Male) |
| 33:34 | Create | Villager (Male) |
| 33:36 | Build | Farm |
| 34:32 | Create | Villager (Male) |
| 34:33 | Create | Villager (Male) |
| 34:33 | Create | Villager (Male) |
| 34:34 | Create | Villager (Male) |
| 34:38 | Build | Farm |
| 34:39 | Build | Farm |
Build order — OM | ingjuanpalencia
First 150 of 433 actions detected
| 0:05 | Create | Villager (Male) |
| 0:05 | Create | Villager (Male) |
| 0:06 | Create | Villager (Male) |
| 0:06 | Create | Villager (Male) |
| 0:07 | Build | House |
| 0:08 | Build | House |
| 1:34 | Create | Villager (Male) |
| 2:07 | Create | Villager (Male) |
| 2:07 | Create | Villager (Male) |
| 2:27 | Create | Villager (Male) |
| 2:27 | Create | Villager (Male) |
| 3:00 | Create | Villager (Male) |
| 3:00 | Create | Villager (Male) |
| 3:31 | Create | Villager (Male) |
| 3:31 | Create | Villager (Male) |
| 4:04 | Build | Mill |
| 4:20 | Create | Villager (Male) |
| 4:21 | Create | Villager (Male) |
| 4:26 | Create | Villager (Male) |
| 4:26 | Create | Villager (Male) |
| 4:29 | Build | House |
| 5:34 | Create | Villager (Male) |
| 5:45 | Create | Villager (Male) |
| 5:45 | Create | Villager (Male) |
| 6:20 | Create | Villager (Male) |
| 6:38 | Create | Villager (Male) |
| 6:42 | Build | House |
| 7:39 | Create | Villager (Male) |
| 7:47 | Build | Farm |
| 7:48 | Build | Farm |
| 8:01 | Build | House |
| 8:04 | Build | Mule Cart |
| 8:10 | Create | Villager (Male) |
| 8:41 | Create | Villager (Male) |
| 9:08 | Research | Feudal Age |
| 9:08 | Research | Feudal Age |
| 9:20 | Build | Farm |
| 10:53 | Build | Barracks |
| 11:21 | Age | Feudal Age |
| 11:29 | Build | Blacksmith |
| 11:34 | Create | Villager (Male) |
| 11:35 | Create | Villager (Male) |
| 11:48 | Build | Stable |
| 12:34 | Research | Castle Age |
| 12:34 | Research | Castle Age |
| 12:34 | Research | Castle Age |
| 12:36 | Research | Double-Bit Axe |
| 13:00 | Build | Farm |
| 13:02 | Build | Farm |
| 13:18 | Research | Horse Collar |
| 13:18 | Research | Horse Collar |
| 13:57 | Build | Farm |
| 13:58 | Build | Farm |
| 14:18 | Build | Mill |
| 14:48 | Build | Farm |
| 14:53 | Build | Farm |
| 15:14 | Age | Castle Age |
| 15:20 | Create | Knight |
| 15:20 | Create | Knight |
| 15:21 | Create | Villager (Male) |
| 15:54 | Build | Monastery |
| 16:01 | Create | Villager (Male) |
| 16:05 | Build | House |
| 16:06 | Build | House |
| 16:13 | Create | Villager (Male) |
| 16:35 | Create | Monk |
| 16:51 | Create | Knight |
| 17:06 | Create | Knight |
| 17:07 | Create | Villager (Male) |
| 17:17 | Create | Villager (Male) |
| 17:38 | Create | Knight |
| 17:54 | Build | Town Center |
| 17:58 | Create | Villager (Male) |
| 18:11 | Build | House |
| 18:16 | Research | Wheelbarrow |
| 18:17 | Research | Wheelbarrow |
| 18:17 | Create | Villager (Male) |
| 18:33 | Research | Husbandry |
| 18:34 | Create | Villager (Male) |
| 18:40 | Create | Villager (Male) |
| 18:43 | Build | Farm |
| 18:56 | Create | Knight |
| 19:08 | Build | Farm |
| 19:10 | Create | Villager (Male) |
| 19:36 | Create | Knight |
| 19:37 | Create | Villager (Male) |
| 19:39 | Build | House |
| 19:59 | Build | Town Center |
| 20:03 | Create | Villager (Male) |
| 20:04 | Create | Villager (Male) |
| 20:16 | Build | Farm |
| 20:52 | Create | Knight |
| 20:53 | Create | Villager (Male) |
| 20:59 | Create | Villager (Male) |
| 21:02 | Build | Farm |
| 21:02 | Build | Farm |
| 21:03 | Build | Farm |
| 21:03 | Build | Farm |
| 21:03 | Build | Farm |
| 21:03 | Build | Farm |
| 21:09 | Create | Knight |
| 21:11 | Create | Villager (Male) |
| 21:29 | Build | Mule Cart |
| 21:34 | Create | Villager (Male) |
| 21:34 | Create | Villager (Male) |
| 21:36 | Build | Farm |
| 21:38 | Create | Villager (Male) |
| 21:47 | Create | Villager (Male) |
| 21:57 | Create | Villager (Male) |
| 22:01 | Build | Farm |
| 22:06 | Build | House |
| 22:12 | Build | Farm |
| 22:13 | Create | Villager (Male) |
| 22:15 | Create | Villager (Male) |
| 22:32 | Create | Knight |
| 22:33 | Create | Knight |
| 22:47 | Build | Farm |
| 22:47 | Create | Villager (Male) |
| 22:51 | Create | Villager (Male) |
| 22:55 | Build | House |
| 23:19 | Create | Villager (Male) |
| 23:20 | Create | Villager (Male) |
| 23:31 | Create | Knight |
| 23:33 | Create | Villager (Male) |
| 23:38 | Build | Farm |
| 23:39 | Create | Villager (Male) |
| 23:42 | Build | House |
| 23:55 | Create | Knight |
| 24:13 | Create | Villager (Male) |
| 24:15 | Build | Farm |
| 24:15 | Create | Villager (Male) |
| 24:20 | Build | Farm |
| 24:20 | Build | Farm |
| 24:20 | Build | Farm |
| 24:20 | Build | Farm |
| 24:21 | Build | Farm |
| 24:21 | Build | Farm |
| 24:21 | Build | Farm |
| 24:22 | Build | Farm |
| 24:22 | Build | Farm |
| 24:22 | Build | Farm |
| 24:30 | Build | Farm |
| 24:34 | Create | Knight |
| 24:35 | Create | Knight |
| 24:45 | Research | Scale Barding Armor |
| 24:45 | Research | Scale Barding Armor |
| 24:45 | Create | Villager (Male) |
| 24:47 | Build | Farm |
| 24:51 | Research | Gold Mining |
| 24:52 | Research | Bow Saw |
Match timeline
| 9:17 | OM | Romeo sins · age_up feudal |
| 9:30 | selaha_God · age_up feudal |
| 9:47 | Dusk_ · age_up feudal |
| 10:36 | 雀巢阿帆 · age_up feudal |
| 10:53 | OM | ingjuanpalencia · first_building Barracks |
| 10:57 | 弃世与你 · age_up feudal |
| 11:10 | 帅能当饭吃 · age_up feudal |
| 11:13 | Elite Ketoprak · age_up feudal |
| 11:21 | OM | ingjuanpalencia · age_up feudal |
| 11:48 | OM | ingjuanpalencia · first_building Stable |
| 13:58 | Dusk_ · age_up castle |
| 14:15 | 雀巢阿帆 · age_up castle |
| 14:51 | 帅能当饭吃 · age_up castle |
| 14:56 | 弃世与你 · age_up castle |
| 14:58 | Dusk_ · first_building Siege Workshop |
| 15:01 | 弃世与你 · first_building Castle |
| 15:14 | OM | ingjuanpalencia · age_up castle |
| 15:40 | 帅能当饭吃 · first_building Monastery |
| 15:46 | OM | Romeo sins · first_building Barracks |
| 15:54 | OM | ingjuanpalencia · first_building Monastery |
| 15:59 | 雀巢阿帆 · first_building Monastery |
| 16:10 | Dusk_ · first_building Barracks |
| 16:13 | OM | Romeo sins · first_market_buy 100 food |
| 16:22 | OM | Romeo sins · wall_segment Palisade Wall x4 |
| 16:27 | OM | Romeo sins · first_building Archery Range |
| 16:43 | OM | Romeo sins · first_building Stable |
| 17:10 | selaha_God · wall_segment Stone Wall x5 |
| 17:33 | 帅能当饭吃 · first_market_sell 100 wood |
| 17:34 | 帅能当饭吃 · first_market_buy 100 food |
| 17:44 | OM | Romeo sins · first_building Siege Workshop |
| 17:46 | Dusk_ · first_building Stable |
| 18:08 | selaha_God · wall_segment Palisade Wall x18 |
| 18:17 | selaha_God · wall_segment Palisade Wall x16 |
| 18:54 | selaha_God · wall_segment Palisade Wall x6 |
| 20:31 | Dusk_ · first_market_sell 100 wood |
| 20:33 | Dusk_ · first_market_buy 100 stone |
| 20:42 | selaha_God · first_building Barracks |
| 21:35 | OM | Romeo sins · age_up castle |
| 23:36 | Elite Ketoprak · wall_segment Stone Wall x2 |
| 23:40 | Elite Ketoprak · wall_segment Stone Wall x2 |
| 23:52 | 弃世与你 · wall_segment Palisade Wall x1 |
| 23:54 | 雀巢阿帆 · first_building Castle |
| 24:49 | OM | Romeo sins · first_market_sell 100 wood |
| 25:24 | selaha_God · wall_segment Stone Wall x3 |
| 25:52 | selaha_God · wall_segment Stone Wall x6 |
| 25:55 | Dusk_ · first_building Monastery |
| 25:59 | selaha_God · wall_segment Stone Wall x3 |
| 25:59 | 帅能当饭吃 · first_building Barracks |
| 26:08 | 弃世与你 · first_building Siege Workshop |
| 26:29 | selaha_God · age_up castle |
| 26:41 | selaha_God · first_building Castle |
| 27:01 | 帅能当饭吃 · first_building Stable |
| 27:03 | Elite Ketoprak · first_building Barracks |
| 27:33 | 帅能当饭吃 · first_building Castle |
| 28:28 | 帅能当饭吃 · age_up imperial |
| 28:36 | Dusk_ · first_building Castle |
| 29:39 | Elite Ketoprak · age_up castle |
| 29:47 | Elite Ketoprak · first_building Siege Workshop |
| 29:56 | Elite Ketoprak · first_building Castle |
| 29:57 | 雀巢阿帆 · age_up imperial |
| 30:05 | OM | ingjuanpalencia · first_building Castle |
| 30:36 | Dusk_ · age_up imperial |
| 31:15 | OM | ingjuanpalencia · wall_segment Palisade Wall x1 |
| 32:21 | OM | Romeo sins · first_building Castle |
| 33:16 | 雀巢阿帆 · first_building Siege Workshop |
| 33:25 | OM | Romeo sins · wall_segment Palisade Wall x1 |
| 33:34 | OM | Romeo sins · wall_segment Palisade Wall x1 |
| 33:35 | OM | Romeo sins · wall_segment Palisade Wall x1 |
| 33:36 | OM | Romeo sins · wall_segment Palisade Wall x1 |
| 33:37 | OM | Romeo sins · wall_segment Palisade Wall x1 |
| 33:38 | OM | Romeo sins · wall_segment Palisade Wall x1 |
| 33:39 | OM | Romeo sins · wall_segment Palisade Wall x1 |
| 33:40 | OM | Romeo sins · wall_segment Palisade Wall x1 |
| 33:41 | OM | Romeo sins · wall_segment Palisade Wall x1 |
| 33:41 | OM | Romeo sins · wall_segment Palisade Wall x1 |
| 33:42 | OM | Romeo sins · wall_segment Palisade Wall x1 |
| 34:09 | 帅能当饭吃 · first_building Siege Workshop |
| 35:20 | OM | ingjuanpalencia · age_up imperial |
| 35:35 | OM | ingjuanpalencia · wall_segment Palisade Wall x1 |
| 37:02 | OM | Romeo sins · age_up imperial |
| 37:05 | Elite Ketoprak · wall_segment Stone Wall x2 |
| 37:49 | 帅能当饭吃 · tribute_sent a jugador 1 |
| 37:49 | 帅能当饭吃 · tribute_sent a jugador 2 |
| 37:49 | 帅能当饭吃 · tribute_sent a jugador 4 |
| 37:49 | 帅能当饭吃 · tribute_sent a jugador 5 |
| 37:49 | 帅能当饭吃 · tribute_sent a jugador 6 |
| 37:49 | 帅能当饭吃 · tribute_sent a jugador 7 |
| 37:49 | 帅能当饭吃 · tribute_sent a jugador 8 |
| 37:50 | selaha_God · first_market_sell 500 wood |
| 37:59 | 弃世与你 · first_market_sell 100 food |
| 38:00 | 弃世与你 · first_market_buy 100 stone |
| 38:28 | 雀巢阿帆 · tribute_sent a jugador 1 |
| 38:28 | 雀巢阿帆 · tribute_sent a jugador 2 |
| 38:28 | 雀巢阿帆 · tribute_sent a jugador 3 |
| 38:28 | 雀巢阿帆 · tribute_sent a jugador 4 |
| 38:28 | 雀巢阿帆 · tribute_sent a jugador 6 |
| 38:28 | 雀巢阿帆 · tribute_sent a jugador 7 |
| 38:28 | 雀巢阿帆 · tribute_sent a jugador 8 |
| 38:47 | 帅能当饭吃 · tribute_sent a jugador 1 |
| 38:47 | 帅能当饭吃 · tribute_sent a jugador 2 |
| 38:47 | 帅能当饭吃 · tribute_sent a jugador 4 |
| 38:47 | 帅能当饭吃 · tribute_sent a jugador 5 |
| 38:48 | 帅能当饭吃 · tribute_sent a jugador 6 |
| 38:48 | 帅能当饭吃 · tribute_sent a jugador 7 |
| 38:48 | 帅能当饭吃 · tribute_sent a jugador 8 |
| 39:52 | 雀巢阿帆 · tribute_sent a jugador 1 |
| 39:52 | 雀巢阿帆 · tribute_sent a jugador 2 |
| 39:52 | 雀巢阿帆 · tribute_sent a jugador 3 |
| 39:52 | 雀巢阿帆 · tribute_sent a jugador 4 |
| 39:52 | 雀巢阿帆 · tribute_sent a jugador 6 |
| 39:52 | 雀巢阿帆 · tribute_sent a jugador 7 |
| 39:52 | 雀巢阿帆 · tribute_sent a jugador 8 |
| 40:04 | OM | ingjuanpalencia · resign |
| 40:44 | selaha_God · tribute_sent a jugador 2 |
| 40:44 | selaha_God · tribute_sent a jugador 3 |
| 40:44 | selaha_God · tribute_sent a jugador 4 |
| 40:44 | selaha_God · tribute_sent a jugador 5 |
| 40:44 | selaha_God · tribute_sent a jugador 6 |
| 40:44 | selaha_God · tribute_sent a jugador 7 |
| 40:44 | selaha_God · tribute_sent a jugador 8 |
[ AI ANALYSIS · 1 CREDIT ]
What really happened in this match?
Wolo.gg analyzes every decision: build order, eco, micro, common mistakes by bracket. Personalized analysis on WhatsApp or Discord in 30 seconds.
Civ guide
Teutons
Perfil
Jugador #9799006